 Dungeon Crawl Stone Soup version 0.27-a0-1291-geefcff550b (webtiles) character file.

Game seed: 12358594508951125874

83 dickylongcocking the Skirmisher (level 4, -5/37 HPs)
             Began as a Djinni Fire Elementalist on June 15, 2021.
             Killed by miscasting Sticky Flame (12 damage)
             ... on level 2 of the Dungeon on June 16, 2021.
             The game lasted 00:02:17 (2744 turns).

dickylongcocking the Skirmisher (DjFE)              Turns: 2744, Time: 00:02:18

Health: -5/37      AC:  2    Str:  7    XL:     4   Next: 71%
Gold:   29         EV: 12    Int: 17    God:
                   SH:  0    Dex: 14

rFire    + + .     SeeInvis .   k - +0 long sword
rCold    x . .     Faith    .   (no shield)
rNeg     + . .     Spirit   .   a - +0 robe
rPois    ∞         Reflect  .   (no helmet)
rElec    .         Harm     .   (no cloak)
rCorr    .         Rampage  .   (no gloves)
Will     .....                  (boots unavailable)
Stlth    ++........             (no amulet)
HPRegen  0.12/turn              h - ring of positive energy
MPRegen  0.00/turn              (no ring)

@: flying, very slightly contaminated
A: sickness immunity, fire resistance 2, cold vulnerability 1, float, innate
caster, hp casting, extra vitality 1
a: no special abilities


You were on level 2 of the Dungeon.
You visited 1 branch of the dungeon, and saw 2 of its levels.

You collected 29 gold pieces.

Inventory:

Hand Weapons
 c - a +0 dagger
 k - a +0 long sword (weapon)
Armour
 a - a +0 robe (worn)
Jewellery
 g - a ring of poison resistance
 h - a ring of positive energy (left hand)
Wands
 l - a wand of flame (17)
Scrolls
 b - a scroll of holy word {unknown}
 e - a scroll of immolation {unknown}
 f - a scroll of amnesia {unknown}
 i - 2 scrolls of identify {unknown}
 j - a scroll of noise {unknown}
 m - 2 scrolls of fear {unknown}
 o - a scroll of vulnerability {unknown}
Potions
 n - a potion of attraction


   Skills:
 * Level 3.9 Fighting
 - Level 2.1 Dodging
 - Level 1.5 Stealth
 - Level 2.4 Spellcasting


You couldn't memorise any spells.
You knew the following spells:

 Your Spells              Type           Power      Damage    Failure   Level
a - Foxfire               Conj/Fire      40%        2x1d6     7%          1
b - Conjure Flame         Conj/Fire      10%        6-21      21%         3
c - Inner Flame           Hex/Fire       10%        N/A       21%         3
d - Sticky Flame          Conj/Fire      10%        2d3       56%         4
e - Fireball              Conj/Fire      5%         3d5       88%         5
f - Freeze                Ice            40%        1d6       7%          1
Your spell library was empty.

Dungeon Overview and Level Annotations

Branches:
Dungeon (2/15)

Altars:

Shops:
D:1 [


Innate Abilities, Weirdness & Mutations

You are immune to sickness and miasma.
You are immune to poison.
Your flesh is very heat resistant. (rF++)
You are vulnerable to cold. (rC-)
You float through the air rather than walking.
You learn spells naturally, not from books.
Your magical power is your life essence.
You have superior vitality. (+4 HP)


Message History

Sorry, you're not good enough to have a special ability.
Unknown command.
Unknown command.
You miss something. Something hits you. Something hits you but does no damage.
Something hits you.
You bump into the rock wall.
Something hits you but does no damage. x2
You barely miss something.
You feel less confused. Something hits you. x2
Casting: Foxfire (safe; 7% risk of failure)
Confirm with . or Enter, or press ? or * to list all spells.
You conjure some foxfire!
Something hits you.
* * * LOW HITPOINT WARNING * * *
Unknown command.
Unknown command.
Your foxfire dissipates!
The foxfire hits something.
You hear some strange, mumbled words.
Unknown command.
Unknown command.
Unknown command.
Casting: Foxfire (safe; 7% risk of failure)
Confirm with . or Enter, or press ? or * to list all spells.
You conjure some foxfire!
* * * LOW HITPOINT WARNING * * *
Something hits your foxfire.
Unknown command.
Unknown command.
Casting: Foxfire (safe; 7% risk of failure)
Confirm with . or Enter, or press ? or * to list all spells.
Okay, then.
Casting: Foxfire (safe; 7% risk of failure)
Confirm with . or Enter, or press ? or * to list all spells.
The spell is potentially lethal to cast (56% risk of failure)!
Continue anyway?
Aiming: Sticky Flame (potentially lethal; 56% risk of failure)
Press: ? - help, Shift-Dir - straight line You miscast Sticky Flame.
You are very lightly contaminated with residual magic.
You are caught in a violent explosion!
You die...

...##...........
...##...########
...##...# ...##...#####
#########. ..........).#
#.).......
....###.###.###.########
#+#.....###...#.#
#.######......#{#######.#
#.............#v@v......#
########.####.####..###.#
..........###.####..#
...................>###
####.#........#.........#
####.#..##..###...#######
.<...#..###.###...#
#.#..#..# #..##...#
..#.....# ##.#....#


There were no monsters in sight!

Vanquished Creatures
  Jessica (D:2)
  Terence (D:2)
  2 dart slugs (D:2)
  An orc (D:2)
  2 bats (D:2)
  3 endoplasms (D:1)
  4 goblins
  A hobgoblin (D:1)
  5 jackals
  A quokka (D:2)
  A ball python (D:2)
  A frilled lizard (D:1)
  A kobold (D:1)
  A rat (D:1)
25 creatures vanquished.

Vanquished Creatures (others)
  96 foxfires
96 creatures vanquished.

Grand Total: 121 creatures vanquished

Notes
Turn   | Place    | Note
-------+----------+-------------------------------------------
     0 | D:1      | dickylongcocking the Djinni Fire Elementalist began the
                  | quest for the Orb.
     0 | D:1      | Reached XP level 1. HP: 15/15 MP: 0/0
   225 | D:1      | Reached skill level 1 in Fighting
   653 | D:1      | Reached XP level 2. HP: 17/22 MP: 0/0
   848 | D:1      | Found Bacruxev's Armour Boutique.
  1534 | D:2      | Reached skill level 2 in Fighting
  2059 | D:2      | Reached XP level 3. HP: 19/29 MP: 0/0
  2059 | D:2      | Learned a level 1 spell: Freeze
  2063 | D:2      | Noticed Jessica
  2069 | D:2      | Noticed Terence
  2095 | D:2      | Killed Terence
  2096 | D:2      | Reached skill level 3 in Fighting
  2096 | D:2      | Reached XP level 4. HP: 10/35 MP: 0/0
  2125 | D:2      | Killed Jessica
  2744 | D:2      | Killed by miscasting Sticky Flame

Illustrated notes

Levels and vault maps discovered:
D:1:      minmay_arrival_five_plusses, layout_rooms, serial_shops,
          nicolae_shop_crystal
D:2:      layout_basic, uniq_jessica, uniq_terence

Skill      XL: |  1  2  3 |
---------------+----------+-----
Fighting       | 1 2 3 |  3.9
Dodging        | |  2.1
Stealth        | |  1.5
Spellcasting   | |  2.4

Action                   |  1- 3 |  4- 6 || total
-------------------------+-------+-------++-------
Melee: Dagger            |     6 |       ||     6
       Long sword        |    16 |    11 ||    27
 Cast: Foxfire           |    60 |     6 ||    66
       Inner Flame       |     1 |     2 ||     3
       Freeze            |       |     6 ||     6
  Use: Potion            |       |     5 ||     5
 Stab: Sleeping          |     1 |       ||     1
Armor: Robe              |     1 |     7 ||     8
Dodge: Dodged            |    23 |    21 ||    44
       Rpst.: Long sword |     2 |     6 ||     8

Table legend: (Time is in decaauts)
 A = Elapsed time spent in this place.
 B = Non-inter-level travel time spent in this place.
 C = Inter-level travel time spent in this place.
 D = Time resting spent in this place.
 E = Time spent auto-exploring this place.
 F = Levels seen in this place.
 G = Mean time per level.
                   A        B        C        D        E       F      G
               +--------+--------+--------+--------+--------+-----+--------+
         Total |   2753 |   2739 |     14 |    465 |   1995 |   2 | 1376.5 |
       Dungeon |   2753 |   2739 |     14 |    465 |   1995 |   2 | 1376.5 |
               +--------+--------+--------+--------+--------+-----+--------+

Top non-repeatable levels by time:
     D:1: 1413 daAuts
     D:2: 1339 daAuts
